 Dungeon Crawl Stone Soup version 0.28-a0-919-g0b5b508569 (webtiles) character file.

Game seed: 17598468591448898869

25 SmokeWeed the Magician (level 2, -5/20 HPs)
             Began as a Palentonga Hedge Wizard on Nov 25, 2021.
             Slain by a worm (8 damage)
             ... on level 2 of the Dungeon.
             The game lasted 00:03:50 (1521 turns).

SmokeWeed the Magician (Palentonga Hedge Wizard)    Turns: 1521, Time: 00:03:51

Health: -5/20      AC:  8    Str: 13    XL:     2   Next: 86%
Magic:  6/6        EV:  7    Int: 14    God:
Gold:   61         SH:  0    Dex:  9    Spells: 5/7 levels left

rFire   . . .      SeeInvis +   a - +0 dagger
rCold   . . .      Faith    .   (no shield)
rNeg    . . .      Spirit   .   k - +0 chain mail
rPois   .          Reflect  .   c - +0 hat
rElec   .          Harm     .   h - +0 cloak
rCorr   .          Rampage  .   (no gloves)
Will    .....                   (no barding)
Stlth   ..........              (no amulet)
HPRegen 0.06/turn               e - +4 ring of evasion
MPRegen 0.10/turn               (no ring)

@: no status effects
A: large, rugged brown scales 3, see invisible, deformed body, roll 1, armoured
tail
a: Rolling Charge


You were on level 2 of the Dungeon.
You visited 1 branch of the dungeon, and saw 2 of its levels.

You collected 61 gold pieces.

Inventory:

Hand Weapons
 a - a +0 dagger (weapon)
Missiles
 d - 12 poisoned darts
Armour
 b - a +0 robe
 c - a +0 hat (worn)
 h - a +0 cloak (worn)
 k - a +0 chain mail (worn)
Jewellery
 e - a +4 ring of evasion (left hand)
 j - a +4 ring of protection
Scrolls
 l - a scroll of torment {unknown}
 m - a scroll of summoning {unknown}
 n - a scroll of identify {unknown}
Potions
 f - a potion of curing {unknown}
 g - a potion of resistance {unknown}
 i - a potion of cancellation {unknown}


   Skills:
 + Level 0.2 Fighting
 + Level 0.3 Short Blades
 + Level 2.0 Dodging
 + Level 1.5 Stealth
 + Level 3.3 Spellcasting
 + Level 1.0 Conjurations
 + Level 0.7 Summonings
 + Level 1.0 Translocations


You had 5 spell levels left.
You knew the following spells:

 Your Spells              Type           Power      Damage    Failure   Level
a - Magic Dart            Conj           20%        1d4       99%         1
b - Slow                  Hex            8%         N/A       100%        1

Your spell library contained the following spells:

 Spells                   Type           Power      Damage    Failure   Level
 Blink                    Tloc           10%        N/A       100%        2
 Call Imp                 Summ           4%         N/A       100%        2
 Conjure Flame            Conj/Fire      3%         6-21      100%        3
 Mephitic Cloud           Conj/Pois/Air  3%         N/A       100%        3


Dungeon Overview and Level Annotations

Branches:
Dungeon (2/15)

Altars:
Sif Muna


Innate Abilities, Weirdness & Mutations

You are completely covered in rugged brown scales. (AC +3, +7% HP)
You have supernaturally acute eyesight. (SInv)
Armour fits poorly on your strangely shaped body.
You can roll at nearby foes to attack.
You have a long armoured tail.


Message History

The bat is severely wounded.
The bat hits you but does no damage. x2
You hit the bat.
You kill the bat!
You hit the worm.
The worm is lightly wounded.
The worm bites you but does no damage.
You hit the worm.
The worm is lightly wounded.
You barely miss the worm.
The worm is lightly wounded.
The worm bites you but does no damage.
You hit the worm.
The worm is lightly wounded.
You hit the worm.
The worm is moderately wounded.
The worm barely misses you.
You hit the worm but do no damage. You tail-slap the worm.
The worm is moderately wounded.
The worm bites you.
You hit the worm.
The worm is moderately wounded.
You hit the worm.
The worm is heavily wounded.
The worm bites you.
You hit the worm but do no damage.
The worm is moderately wounded.
You hit the worm.
The worm is heavily wounded.
The worm closely misses you.
You hit the worm.
The worm is heavily wounded.
The worm bites you.
* * * LOW HITPOINT WARNING * * *
You hit the worm but do no damage.
The worm is heavily wounded.
Your chain mail prevents you from hitting the worm.
The worm is heavily wounded.
The worm bites you!
You die...

#....##............#######
#######.#.......####
#.#...##.## #.#.##...#
#####.#.##.###..
#..............#
#...?....#..#####
#...#####...## ^.. #@###
.# #w# #J# #.. #.. #...
.... #....


You could see a worm and an endoplasm.

Vanquished Creatures
  2 endoplasms
  A giant cockroach (D:2)
  4 goblins
  3 hobgoblins (D:2)
  2 ball pythons (D:1)
  8 bats
  A frilled lizard (D:2)
  A kobold (D:2)
  2 rats
24 creatures vanquished.

Notes
Turn   | Place    | Note
-------+----------+-------------------------------------------
     0 | D:1      | SmokeWeed the Palentonga Hedge Wizard began the quest for
                  | the Orb.
     0 | D:1      | Reached XP level 1. HP: 13/13 MP: 4/4
    33 | D:1      | Learned a level 1 spell: Slow
    67 | D:1      | Found a faded altar of an unknown god.
   458 | D:1      | Reached XP level 2. HP: 17/20 MP: 1/6
   462 | D:1      | Reached skill level 1 in Conjurations
   954 | D:2      | Found a shimmering blue altar of Sif Muna.
  1521 | D:2      | Slain by a worm

Illustrated notes

Levels and vault maps discovered:
D:1:      saegor_arrival_simple_e, layout_basic,
          dreamdust_ecumenical_altar_angels_and_demons
D:2:      layout_rooms, basic_altar

Skill      XL: |  1  2 |
---------------+-------+-----
Conjurations   | 1 |  1.0
Dodging        | 2 |  2.0
Fighting       | |  0.2
Short Blades   | |  0.3
Stealth        | |  1.5
Spellcasting   | |  3.3
Summonings     | |  0.7
Translocations | |  1.0

Action                   || total
-------------------------++-------
Melee: Dagger            ||    91
       Tailslap          ||     9
 Cast: Magic Dart        ||    25
 Abil: Rolling Charge    ||     3
 Stab: Sleeping          ||     1
Armor: Robe              ||    27
       Chain mail        ||    22
Dodge: Dodged            ||    64

Table legend: (Time is in decaauts)
 A = Elapsed time spent in this place.
 B = Non-inter-level travel time spent in this place.
 C = Inter-level travel time spent in this place.
 D = Time resting spent in this place.
 E = Time spent auto-exploring this place.
 F = Levels seen in this place.
 G = Mean time per level.
                   A        B        C        D        E       F      G
               +--------+--------+--------+--------+--------+-----+--------+
         Total |   1519 |   1519 |      0 |      0 |   1262 |   2 |  759.5 |
       Dungeon |   1519 |   1519 |      0 |      0 |   1262 |   2 |  759.5 |
               +--------+--------+--------+--------+--------+-----+--------+

Top non-repeatable levels by time:
     D:1: 861 daAuts
     D:2: 658 daAuts
